 Dungeon Crawl Stone Soup version 0.29-a0-911-g88e6f02907 (webtiles) character file.

Game seed: 10937597640801916149

276 kae the Insei (level 6, -1/47 HPs)
             Began as a Demonspawn Monk on July 25, 2022.
             Slain by a sky beast (5 damage)
             ... on level 4 of the Dungeon.
             The game lasted 00:04:57 (3746 turns).

kae the Insei (Demonspawn Monk)                     Turns: 3746, Time: 00:04:57

Health: -1/47      AC:  2    Str: 11    XL:     6   Next: 4%
Magic:  0/6        EV: 17    Int: 11    God:
Gold:   101        SH:  0    Dex: 18    Spells: 5/5 levels left

rFire   . . .      SeeInvis .     - Unarmed
rCold   . . .      Faith    .   (no shield)
rNeg    . . .      Spirit   +   a - +0 robe
rPois   .          Reflect  .   (no helmet)
rElec   .          Harm     .   (no cloak)
rCorr   .          Rampage  .   (no gloves)
Will    .....                   (no boots)
Stlth   ++........              G - amulet of guardian spirit
HPRegen 0.15/turn               E - +4 ring of evasion
MPRegen 0.10/turn               (no ring)

@: no status effects
A: foul stench 1, weakness stinger 2
a: no special abilities


You were on level 4 of the Dungeon.
You visited 1 branch of the dungeon, and saw 4 of its levels.

You collected 151 gold pieces.
You spent 50 gold pieces at shops.


Innate Abilities, Weirdness & Mutations

You may rarely emit foul miasma when damaged in melee.
You have a tail ending in a sharp stinger.


   Skills:
 - Level 3.0 Fighting
 - Level 2.6 Dodging
 - Level 1.7 Stealth
 + Level 6.2 Unarmed Combat


You had 5 spell levels left.
You didn't know any spells.
Your spell library contained the following spells:

 Spells                   Type           Power      Damage    Failure   Level
 Foxfire                  Conj/Fire      0%         2x1d4     34%         1
 Sandblast                Erth           0%         2d4       34%         1
 Slow                     Hex            0%         N/A       34%         1
 Passwall                 Tmut/Erth      0%         N/A       47%         2
 Confusing Touch          Hex            0%         N/A       71%         3
 Conjure Flame            Conj/Fire      0%         6-21      71%         3
 Inner Flame              Hex/Fire       0%         N/A       71%         3
 Stone Arrow              Conj/Erth      0%         3d7       71%         3
 Vampiric Draining        Necr           0%         2d6       71%         3
 Flame Wave               Conj/Fire      0%         2d4       98%         4

Inventory:

Missiles
 f - 22 stones (quivered)
 j - 2 poisoned darts
 w - a throwing net {=f!f}
Armour
 a - a +0 robe (worn)
 c - a +0 leather armour
   (You found it on level 1 of the Dungeon)
 g - the +1 pair of boots "Okhluxy Vuyw" {rElec rN+ Will+ Str-2}
   (You found it on level 2 of the Dungeon)

   Str:       It affects your strength (-2).
   rElec:     It insulates you from electricity.
   rN:        It protects you from negative energy.
   Will:      It increases your willpower.
 h - a +1 helmet
   (You found it on level 1 of the Dungeon)
 k - a +0 scale mail
   (You found it on level 1 of the Dungeon)
 l - a +0 chain mail
   (You took it off an orc on level 3 of the Dungeon)
 p - a +0 chain mail
   (You took it off an orc priest on level 3 of the Dungeon)
 q - a +0 chain mail
   (You took it off an orc on level 3 of the Dungeon)
 r - a +0 robe
   (You found it on level 3 of the Dungeon)
 t - a +0 leather armour
   (You found it on level 3 of the Dungeon)
 v - a +0 leather armour
   (You found it on level 3 of the Dungeon)
Jewellery
 E - a +4 ring of evasion (left hand)
   (You found it on level 3 of the Dungeon)
 G - an amulet of guardian spirit (around neck)
   (You found it on level 1 of the Dungeon)
Scrolls
 m - a scroll of enchant weapon
 o - a scroll of immolation {!r!r}
Potions
 b - a potion of ambrosia
 d - 2 potions of berserk rage {unknown}
 e - 2 potions of degeneration {!q}
 i - 3 potions of attraction {unknown}
 n - a potion of invisibility
 s - 5 potions of curing {@q1}
 x - 2 potions of brilliance {unknown}
 z - 2 potions of heal wounds {@q2}
 A - a potion of cancellation {unknown}
 B - a potion of magic {unknown}

Dungeon Overview and Level Annotations

Branches:
Dungeon (4/15) Zot: 20261
 Temple: D:4-7

Altars:

Shops:
D:4

! .#.. ######.##..
#### ##...... #..
...# #...... ...
.#.# #....#####.##.#
.#.# #.............#
.#.###..##.####{####
.#..............@.#
.######).##.###.#.#
............# #.#.#
#######..#..###.#.#
.>.......#......#.#
#.....##.#.######.#
.... #.#. .# ...
..#. .# .. ##.


There were no monsters in sight!


Message History

The adder bites you but does no damage.
You hit the adder. The adder bites you. 😕 HP[-4]
You take 4 damage, and now have 37/41 hp.
An adder is nearby!
You punch the adder!
You kill the adder!
You have reached level 6! 😕 HP[+6] MP[+1]
You now have 47 max hp (+6).
You regained 6 hp, and now have 43/47 hp.
Your mp is fully restored (6).
An endoplasm comes into view.
Found a stone staircase leading down. 😎 HP[+4]
Your hp is fully restored (47).
An endoplasm is nearby!
An endoplasm is nearby!
The endoplasm completely misses you.
An endoplasm is nearby!
You punch the endoplasm!
You kill the endoplasm!
No target in view!
You now have 101 gold pieces (gained 16).
A kobold comes into view. It is wielding a +1 dagger of speed.
The kobold moves out of view.
No target in view!
No target in view!
The kobold shouts!
No target in view!
No target in view!
You hit the kobold.
You kill the kobold!
No target in view!
Things that are here:
a +1 dagger of speed; a kobold corpse No target in view!
No target in view!
A sky beast comes into view.
The sky beast flickers out of sight!
Deactivating autopickup; reactivate with Ctrl-A.
Something hits you. Something shocks you. 😕 HP[-5] MP[-1]
You take 5 damage, and now have 42/47 hp.
You lost 1 mp, and now have 5/6 mp.
No target in view!
No target in view!
Something closely misses you.
No target in view!
No target in view!
There is a strange disturbance nearby!
No target in view!
No target in view!
No target in view!
No target in view!
You closely miss something. Something hits you. Something shocks you. 😮 HP[-8]
You take 8 damage, and now have 34/47 hp.
You closely miss something. Something hits you.
Something shocks you. 😮 HP[-4] MP[-1]
You take 4 damage, and now have 30/47 hp.
You lost 1 mp, and now have 4/6 mp.
You hit something.
Your tail-slap misses something.
Something hits you. Something shocks you.
* * * LOW HITPOINT WARNING * * *
😨 HP[-8] MP[-1]
You take 8 damage, and now have 22/47 hp.
You lost 1 mp, and now have 3/6 mp.
Unknown command.
You hit something but do no damage. You tail-slap something.
Something barely misses you.
You punch something! Something hits you but does no damage.
You completely miss something. You punch something.
Something hits you but does no damage.
Unknown command.
You hit something.
A sky beast appears from thin air!
Reactivating autopickup.
The sky beast misses you.
You hit the sky beast.
The sky beast flickers out of sight!
Deactivating autopickup; reactivate with Ctrl-A.
Something hits you.
* * * LOW HITPOINT WARNING * * *
Something shocks you.
* * * LOW HITPOINT WARNING * * *
😨 HP[-9] MP[-1]
You take 9 damage, and now have 13/47 hp.
You lost 1 mp, and now have 2/6 mp.
You miss something. Something hits you.
* * * LOW HITPOINT WARNING * * *
Something shocks you.
* * * LOW HITPOINT WARNING * * *
😱 HP[-6] MP[-2]
You take 6 damage, and now have 7/47 hp.
You lost 2 mp, and now have 0/6 mp.
You punch something!
Your tail-slap misses something. 😱 HP[+1] MP[+1]
You miss something. Something hits you.
* * * LOW HITPOINT WARNING * * *
Something shocks you.
You die...

Skill      XL: |  1  2  3  4  5 |
---------------+----------------+-----
Unarmed Combat | 3 4 5 6 |  6.2
Fighting       | |  3.0
Dodging        | |  2.6
Stealth        | |  1.7

Action                   |  1- 3 |  4- 6 || total
-------------------------+-------+-------++-------
Melee: Unarmed           |    88 |   148 ||   236
       Tailslap          |     4 |    15 ||    19
       Punch             |     1 |     5 ||     6
  Use: Scroll            |     5 |     4 ||     9
       Potion            |     1 |       ||     1
 Stab: Sleeping          |     6 |     6 ||    12
Armor: Robe              |     8 |    18 ||    26
       Skin              |     3 |     3 ||     6
Dodge: Dodged            |    39 |    77 ||   116

Levels and vault maps discovered:
D:1:      dpeg_arrival_another_circle, layout_loops_ring,
          wad_floor_pattern_untrapped
D:2:      layout_loops_cross, hellmonk_ecumenical_altar_blasted,
          chequers_serial_rivers_small_b, uniq_natasha
D:3:      minmay_wonky_spiral, layout_loops_ring
D:4:      layout_basic, gammafunk_ghost_grave, serial_shops,
          nicolae_shop_crystal, minmay_circle_x, uniq_robin

Notes
Turn   | Place    | Note
-------+----------+-------------------------------------------
     0 | D:1      | kae the Demonspawn Monk began the quest for the Orb.
     0 | D:1      | Reached XP level 1. HP: 18/18 MP: 1/1
     0 | D:1      | magus.rc [v1.11.3]
    30 | D:1      | magus.rc [v1.11.3]
    32 | D:1      | Reached skill level 3 in Unarmed Combat
   217 | D:1      | Gained mutation: You have a small tail. [demonic ancestry]
   217 | D:1      | Reached XP level 2. HP: 24/24 MP: 2/2
  1077 | D:2      | You pick up a book of Flames and begin reading...
  1077 | D:2      | You add the spells Foxfire, Conjure Flame, Inner Flame and
                  | Flame Wave to your library.
  1123 | D:2      | Gained mutation: You have a tail ending in a sharp stinger.
                  | [demonic ancestry]
  1123 | D:2      | Reached XP level 3. HP: 25/29 MP: 1/3
  1196 | D:2      | Reached skill level 4 in Unarmed Combat
  1276 | D:2      | Identified the +1 pair of boots "Okhluxy Vuyw" {rElec rN+
                  | Will+ Str-2}
  1332 | D:2      | Found a faded altar of an unknown god.
  1401 | D:2      | Noticed Natasha
  1413 | D:2      | Killed Natasha
  1414 | D:2      | Gained mutation: You may rarely emit foul miasma when
                  | damaged in melee. [demonic ancestry]
  1414 | D:2      | Reached XP level 4. HP: 35/35 MP: 1/4
  1804 | D:2      | You pick up a book of Debilitation and begin reading...
  1804 | D:2      | You add the spells Slow, Vampiric Draining and Confusing
                  | Touch to your library.
  1855 | D:2      | Noticed Natasha
  1863 | D:2      | Killed Natasha
  1957 | D:2      | Reached skill level 5 in Unarmed Combat
  2194 | D:3      | Reached XP level 5. HP: 40/41 MP: 3/5
  2322 | D:3      | You pick up a book of Geomancy and begin reading...
  2322 | D:3      | You add the spells Sandblast, Passwall and Stone Arrow to
                  | your library.
  3394 | D:3      | magus.rc [v1.11.3]
  3406 | D:4      | Reached skill level 6 in Unarmed Combat
  3559 | D:4      | Found Qaanasto's Distillery.
  3615 | D:4      | Bought a potion of heal wounds for 50 gold pieces
  3645 | D:4      | Reached XP level 6. HP: 43/47 MP: 6/6
  3731 | D:4      | Noticed a sky beast
  3744 | D:4      | HP: 7/47 [something (5)]
  3746 | D:4      | Slain by a sky beast

Vanquished Creatures
  An orc priest (D:3)
  An iguana (D:4)
  Natasha (twice) (D:2)
  3 gnolls
  5 adders
  A white imp (D:3)
  An ufetubus (D:4)
  2 worms (D:3)
  3 dart slugs
  3 orcs (D:3)
  6 ball pythons
  5 endoplasms
  8 giant cockroaches
  7 hobgoblins
  A kobold (D:4)
  3 quokkas
  4 bats
  5 frilled lizards
  11 goblins
  4 rats
76 creatures vanquished.

Table legend:
 A = Non-vault XP
 B = Vault XP
 C = Vault XP percentage of total XP
 D = Non-vault monster count
 E = Vault monster count
 F = Vault count percentage of total count
                 A         B        C        D         E       F
            +---------+---------+-------+---------+---------+-------
      Total |     354 |      41 |  10.4 |      73 |       3 |   3.9
            +---------+---------+-------+---------+---------+-------
        D:1 |      36 |       0 |   0.0 |      19 |       0 |   0.0
        D:2 |      90 |      35 |  28.0 |      20 |       1 |   4.8
        D:3 |     135 |       6 |   4.3 |      26 |       2 |   7.1
        D:4 |      93 |       0 |   0.0 |       8 |       0 |   0.0
            +---------+---------+-------+---------+---------+-------

Illustrated notes

Table legend:
 A = Kills in this place as a percentage of kills in entire the game.
 B = Kills by you in this place as a percentage of kills by you in the entire game.
 C = Kills by friends in this place as a percentage of kills by friends in the entire game.
 D = Other kills in this place as a percentage of other kills in the entire game.
 E = Experience gained in this place as a percentage of experience gained in the entire game.
 F = Experience gained in this place divided by the number of levels of this place that you have seen.
                   A       B       C       D       E      F
               +-------+-------+-------+-------+-------+----------------------
         Total | 100.0 | 100.0 |   N/A |   N/A | 100.0 |  98.8
       Dungeon | 100.0 | 100.0 |   N/A |   N/A | 100.0 |  98.8
               +-------+-------+-------+-------+-------+----------------------

Table legend: (Time is in decaauts)
 A = Elapsed time spent in this place.
 B = Non-inter-level travel time spent in this place.
 C = Inter-level travel time spent in this place.
 D = Time resting spent in this place.
 E = Time spent auto-exploring this place.
 F = Levels seen in this place.
 G = Mean time per level.
                   A        B        C        D        E       F      G
               +--------+--------+--------+--------+--------+-----+--------+
         Total |   3738 |   3654 |     84 |    240 |   2851 |   4 |  934.5 |
       Dungeon |   3738 |   3654 |     84 |    240 |   2851 |   4 |  934.5 |
               +--------+--------+--------+--------+--------+-----+--------+

Top non-repeatable levels by time:
     D:3: 1249 daAuts
     D:1: 1065 daAuts
     D:2: 1065 daAuts
     D:4: 356 daAuts
